[Event "Titled Tuesday Blitz November 14 Early 2023"]
[White "TimGrutter03"]
[Black "Valy02chess"]
[WhiteElo "2524"]
[BlackElo "2226"]
[Result "1-0"]
[Round "5"]
[TimeControl "180+1"]
[Date "2023.11.14"]
[WhiteClock "0:00:05"]
[BlackClock "0:00:00"]
[Board "137"]

1. e4 c6 2. Nc3 d5 3. Qf3 dxe4 4. Nxe4 Nf6 5. Bc4 Qd4 6. Nxf6+ exf6 7. d3 Bb4+ 8. Kf1 O-O 9. c3 Bxc3 10. Ne2 Qh4 11. bxc3 Bg4 12. Qg3 Bxe2+ 13. Kxe2 Re8+ 14. Be3 Qh5+ 15. Kd2 Nd7 16. Qh3 Qxh3 17. gxh3 Ne5 18. f4 Nf3+ 19. Ke2 Nh4 20. Kf2 Nf5 21. Rhe1 b5 22. Bb3 Red8 23. Rad1 a5 24. a4 b4 25. cxb4 axb4 26. Bb6 Rdb8 27. a5 c5 28. Bd5 Ra6 29. Bc4 Raa8 30. Bc7 Rc8 31. Bb6 Nd4 32. Re7 b3 33. Rxf7 Kh8 34. Rb1 1-0


[Site "https://www.chess.com"]

[Event "Titled Tuesday Blitz November 14 Early 2023"]
[White "Cristi_Coca"]
[Black "Suduvasachmatai"]
[WhiteElo "2517"]
[BlackElo "2186"]
[Result "1/2-1/2"]
[Round "5"]
[TimeControl "180+1"]
[Date "2023.11.14"]
[WhiteClock "0:00:28"]
[BlackClock "0:00:03"]
[Board "138"]

1. e4 c5 2. c3 d5 3. exd5 Qxd5 4. Nf3 Nc6 5. d4 Bg4 6. dxc5 Qxd1+ 7. Kxd1 e5 8. b4 e4 9. h3 Bxf3+ 10. gxf3 exf3 11. Bb5 O-O-O+ 12. Kc2 Ne5 13. Bf4 Ng6 14. Be3 Nf6 15. Nd2 Ne5 16. c6 bxc6 17. Ba6+ Kb8 18. Bf4 Bd6 19. Rhe1 Rhe8 20. Bxe5 Bxe5 21. Nxf3 Bc7 22. Nd4 Rd6 23. Rxe8+ Nxe8 24. Bc4 Bb6 25. Re1 Nf6 26. Nf5 Rd7 27. Nxg7 Bxf2 28. Rf1 Bh4 29. Nf5 Bg5 30. h4 Bd2 31. Nd4 Ne4 32. Nxc6+ Kc7 33. Ne5 Re7 34. Rxf7 Rxf7 35. Nxf7 Be1 36. h5 Nxc3 37. Bd3 Nxa2 38. Bxh7 Nxb4+ 39. Kb3 Nd5 40. Bd3 Nf6 41. h6 Kd7 42. h7 Nxh7 43. Bxh7 a5 44. Bd3 Kc6 45. Ne5+ Kd5 46. Nc4 Kd4 47. Bf1 Bb4 48. Ka4 Bc3 49. Nb6 Ke3 50. Bb5 Kd4 51. Nc4 Kc5 52. Ne3 Bb4 53. Nc2 Bc3 54. Be8 Bd2 55. Bg6 Bc3 56. Ne3 Bd2 57. Nd1 Bb4 58. Nb2 Bc3 59. Nd3+ Kb6 60. Nc1 Bb4 61. Ne2 Bd2 62. Nd4 Bb4 63. Ne6 Bd2 64. Nf4 Bb4 65. Nd5+ Kc5 66. Ne3 Bd2 67. Nd1 Bb4 68. Nf2 Bd2 69. Ne4+ Kd4 70. Nxd2 Kc3 71. Ne4+ Kd4 72. Kxa5 Ke5 73. Nc3 Kf4 74. Kb5 Ke5 75. Kc5 Kf4 76. Bd3 Ke5 77. Nd5 Ke6 78. Kd4 Kd6 79. Bc4 Ke6 80. Ke4 Kd6 81. Ne3 Kc5 82. Kd3 Kb4 83. Kd4 Ka3 84. Kc3 Ka4 85. Nd5 Ka5 86. Kb3 1/2-1/2


[Site "https://www.chess.com"]

[Event "Titled Tuesday Blitz November 14 Early 2023"]
[White "Politov, Pavel Y."]
[Black "Jovic, Stanoje"]
[WhiteFideId "24110515"]
[BlackFideId "905020"]
[WhiteElo "2116"]
[BlackElo "2515"]
[Result "0-1"]
[Round "5"]
[TimeControl "180+1"]
[Date "2023.11.14"]
[WhiteClock "0:00:05"]
[BlackClock "0:00:37"]
[Board "139"]

1. d4 Nf6 2. c4 e6 3. Nc3 Bb4 4. f3 c5 5. d5 O-O 6. e4 exd5 7. cxd5 d6 8. Ne2 Nbd7 9. Ng3 Re8 10. Be2 a6 11. a4 c4 12. O-O Ne5 13. Bg5 Qb6+ 14. Kh1 Qc7 15. Bxf6 gxf6 16. Nh5 Nd7 17. Qd4 Re5 18. f4 Re8 19. Nxf6+ Nxf6 20. Qxf6 Qe7 21. Qxe7 Rxe7 22. Bf3 Bd7 23. Rfe1 Rc8 24. e5 Bf5 25. g4 Bd3 26. exd6 Bxd6 27. Rxe7 Bxe7 28. Kg2 Bd6 29. Kg3 Re8 30. Ne4 Rxe4 31. Bxe4 Bxe4 32. Re1 Bd3 33. Re8+ Kg7 34. Rd8 Bc5 35. d6 Kf6 36. d7 Ke7 37. Rb8 Kxd7 38. Rxb7+ Ke6 39. Rc7 Bd4 40. Rc6+ Kd5 41. Rxa6 Bxb2 42. Ra7 c3 43. Rxf7 c2 44. Rc7 Bc4 45. Rd7+ Kc6 46. Rd8 c1=Q 47. Rc8+ Kd7 48. Rxc4 Qxc4 49. f5 Be5+ 50. Kh4 Qf4 51. h3 Bf6+ 52. Kh5 Qg5# 0-1


[Site "https://www.chess.com"]

[Event "Titled Tuesday Blitz November 14 Early 2023"]
[White "Panchenko, Dmitry"]
[Black "Kanyamarala, Trisha"]
[WhiteFideId "4169158"]
[BlackFideId "45004722"]
[WhiteElo "2736"]
[BlackElo "2515"]
[Result "1-0"]
[Round "5"]
[TimeControl "180+1"]
[Date "2023.11.14"]
[WhiteClock "0:00:38"]
[BlackClock "0:00:08"]
[Board "140"]

1. e4 c5 2. Nf3 d6 3. Bb5+ Bd7 4. Bxd7+ Nxd7 5. O-O Ngf6 6. Qe2 e6 7. c3 Be7 8. d4 O-O 9. e5 Nd5 10. c4 N5b6 11. dxc5 dxc5 12. Rd1 Qc7 13. Nc3 a6 14. Bf4 Nc8 15. Rd2 Na7 16. Rad1 Rfd8 17. h4 Nc6 18. h5 h6 19. Qe3 Nb6 20. b3 Rd7 21. Rxd7 Nxd7 22. Ne4 Ndxe5 23. Nxe5 Nxe5 24. Qg3 f6 25. Bxh6 Bf8 26. Nxf6+ Kh8 27. Nd7 gxh6 28. Nxe5 Qg7 29. Qf4 Be7 30. Ng6+ Kg8 31. Rd7 Re8 32. Nxe7+ Rxe7 33. Rd8+ Kh7 34. Qe4+ 1-0


[Site "https://www.chess.com"]

[Event "Titled Tuesday Blitz November 14 Early 2023"]
[White "Nagare Kaivalya Sandip"]
[Black "Thake, Conrad"]
[WhiteFideId "25957929"]
[BlackFideId "5602947"]
[WhiteElo "2667"]
[BlackElo "1903"]
[Result "1-0"]
[Round "5"]
[TimeControl "180+1"]
[Date "2023.11.14"]
[WhiteClock "0:02:16"]
[BlackClock "0:01:05"]
[Board "141"]

1. e4 e6 2. d4 d5 3. Nc3 Bb4 4. e5 Qd7 5. Nf3 b6 6. a3 Bf8 7. Bd3 Ba6 8. Bxa6 Nxa6 9. Qe2 Nb8 10. Bg5 Be7 11. h4 h6 12. Bf4 c5 13. O-O-O c4 14. g4 Nc6 15. g5 h5 16. g6 f6 17. exf6 Nxf6 18. Ng5 Nd8 19. Rde1 O-O 20. Be5 Ng4 21. f3 Nxe5 22. dxe5 b5 23. f4 a5 24. Qxh5 1-0


[Site "https://www.chess.com"]

[Event "Titled Tuesday Blitz November 14 Early 2023"]
[White "Larino Nieto, David"]
[Black "MFatigue"]
[WhiteFideId "2256444"]
[WhiteElo "2614"]
[BlackElo "2480"]
[Result "1-0"]
[Round "5"]
[TimeControl "180+1"]
[Date "2023.11.14"]
[WhiteClock "0:01:51"]
[BlackClock "0:00:31"]
[Board "142"]

1. a3 g6 2. b3 Bg7 3. c3 Nc6 4. d3 e5 5. e3 f5 6. Ra2 d6 7. h3 Nf6 8. f3 O-O 9. g4 Nd5 10. c4 Qh4+ 11. Rf2 Nb6 12. Bg2 f4 13. Ne2 fxe3 14. Bxe3 Nd4 15. O-O Be6 16. f4 c6 17. Nxd4 exd4 18. Bc1 h5 19. f5 gxf5 20. gxf5 Bd7 21. Nd2 Qg3 22. Ne4 Qe5 23. f6 1-0


[Site "https://www.chess.com"]

[Event "Titled Tuesday Blitz November 14 Early 2023"]
[White "Davidson, Kevin"]
[Black "Ezat, Mohamed"]
[WhiteFideId "2056810"]
[BlackFideId "10600906"]
[WhiteElo "2438"]
[BlackElo "2601"]
[Result "0-1"]
[Round "5"]
[TimeControl "180+1"]
[Date "2023.11.14"]
[WhiteClock "0:00:00"]
[BlackClock "0:00:14"]
[Board "143"]

1. e4 e5 2. Nf3 Nc6 3. Bb5 Nge7 4. d4 exd4 5. Nxd4 g6 6. Nxc6 Nxc6 7. Bxc6 dxc6 8. Qxd8+ Kxd8 9. Bd2 Bg7 10. Bc3 Bxc3+ 11. Nxc3 Be6 12. O-O-O+ Ke7 13. f4 Rhd8 14. h3 h5 15. Rd2 Rxd2 16. Kxd2 Rd8+ 17. Ke3 b5 18. a3 a5 19. Ra1 h4 20. Ne2 c5 21. Ng1 f5 22. Nf3 fxe4 23. Nxh4 Kf6 24. Rh1 b4 25. g4 c4 26. axb4 axb4 27. f5 gxf5 28. gxf5 Bf7 29. Rh2 b3 30. Kxe4 bxc2 31. Rxc2 c5 32. Nf3 Rd3 33. Ne5 Bd5+ 34. Kf4 Rd4+ 35. Ke3 Kxe5 0-1


[Site "https://www.chess.com"]

[Event "Titled Tuesday Blitz November 14 Early 2023"]
[White "JuniorJumper"]
[Black "Azali, Tannaz"]
[BlackFideId "12537721"]
[WhiteElo "2591"]
[BlackElo "2393"]
[Result "1-0"]
[Round "5"]
[TimeControl "180+1"]
[Date "2023.11.14"]
[WhiteClock "0:00:10"]
[BlackClock "0:00:03"]
[Board "144"]

1. b3 Nf6 2. Bb2 e6 3. e3 d5 4. Nf3 c5 5. Bb5+ Bd7 6. a4 a6 7. Bxd7+ Nbxd7 8. O-O Bd6 9. d3 O-O 10. Nbd2 Qc7 11. e4 d4 12. Qe2 e5 13. Nh4 g6 14. a5 Be7 15. g3 Ne8 16. Ng2 Nd6 17. f4 f5 18. fxe5 Nxe5 19. Nf4 Qd7 20. exf5 Rxf5 21. Nd5 Bg5 22. Nb6 Qc6 23. Ne4 Raf8 24. Rxf5 Rxf5 25. Bc1 Bxc1 26. Rxc1 Nxe4 27. dxe4 Rf8 28. Kg2 h5 29. Rf1 Rxf1 30. Kxf1 Kg7 31. Kg1 Qf6 32. Nd5 Qg5 33. Kg2 h4 34. Nf4 hxg3 35. Ne6+ Kh6 36. Nxg5 1-0


[Site "https://www.chess.com"]

[Event "Titled Tuesday Blitz November 14 Early 2023"]
[White "Friedland, Moshe"]
[Black "Silva Lucena, Cristian"]
[WhiteFideId "2812843"]
[BlackFideId "2232588"]
[WhiteElo "2414"]
[BlackElo "2541"]
[Result "0-1"]
[Round "5"]
[TimeControl "180+1"]
[Date "2023.11.14"]
[WhiteClock "0:01:30"]
[BlackClock "0:01:36"]
[Board "145"]

1. e4 c5 2. Nf3 d6 3. d4 cxd4 4. Nxd4 Nf6 5. Nc3 a6 6. g3 e6 7. Bg2 Be7 8. O-O O-O 9. f4 Nc6 10. Kh1 e5 11. Nxc6 bxc6 12. Na4 exf4 13. gxf4 Bg4 14. Qd3 d5 15. e5 Ne4 16. Bxe4 dxe4 17. Qxe4 Be6 18. c4 f5 19. Qe2 Qd4 20. Rd1 Qxc4 21. Qxc4 Bxc4 22. Nb6 Be2 23. Rd7 Bc5 0-1


[Site "https://www.chess.com"]

[Event "Titled Tuesday Blitz November 14 Early 2023"]
[White "TomLiu777"]
[Black "Matveeva, Olga"]
[BlackFideId "24107018"]
[WhiteElo "2528"]
[BlackElo "2379"]
[Result "1-0"]
[Round "5"]
[TimeControl "180+1"]
[Date "2023.11.14"]
[WhiteClock "0:01:13"]
[BlackClock "0:00:21"]
[Board "146"]

1. c4 e6 2. Nc3 d5 3. d4 Nf6 4. Bg5 a6 5. cxd5 exd5 6. e3 Be6 7. Bd3 Be7 8. Nge2 Nbd7 9. O-O h6 10. Bh4 O-O 11. Nf4 c5 12. Nxe6 fxe6 13. Bc2 c4 14. e4 b5 15. e5 Nh7 16. Qg4 Bxh4 17. Qxe6+ Kh8 18. Qg6 Ng5 19. f4 Qe8 20. fxg5 Qxg6 21. Bxg6 Bxg5 22. Nxd5 Rxf1+ 23. Rxf1 Rf8 24. e6 Rxf1+ 25. Kxf1 Nf8 26. e7 1-0


[Site "https://www.chess.com"]

[Event "Titled Tuesday Blitz November 14 Early 2023"]
[White "Purtseladze, Maka"]
[Black "Melikhov, Evgeny V."]
[WhiteFideId "13602659"]
[BlackFideId "4122046"]
[WhiteElo "2525"]
[BlackElo "2377"]
[Result "1-0"]
[Round "5"]
[TimeControl "180+1"]
[Date "2023.11.14"]
[WhiteClock "0:00:33"]
[BlackClock "0:00:13"]
[Board "147"]

1. b3 e5 2. e4 d5 3. exd5 Qxd5 4. Nc3 Qd8 5. Qh5 Bd6 6. Bc4 g6 7. Qe2 Nf6 8. Bb2 Qe7 9. Nb5 Nc6 10. f4 Bg4 11. Nf3 Bxf3 12. gxf3 O-O-O 13. Nxd6+ cxd6 14. O-O-O Rhe8 15. fxe5 dxe5 16. f4 Nd4 17. Qxe5 Qxe5 18. fxe5 Rxe5 19. Rhf1 Ne4 20. Rxf7 b5 21. Bd3 Nc5 22. Bxb5 Ncxb3+ 23. axb3 Rxb5 24. Rxa7 Rb7 25. Ra8+ Rb8 26. Rxb8+ Kxb8 27. Bxd4 Rxd4 28. Re1 Rh4 29. Re2 Kc7 30. c4 Kc6 31. Kc2 g5 32. Kc3 Rh3+ 33. d3 g4 34. b4 g3 35. hxg3 Rxg3 36. Re6+ Kd7 37. Rh6 Rg7 38. b5 Kc7 39. c5 Kb7 40. d4 Kc7 41. Kc4 Kb7 42. b6 Ka6 43. Rh1 Kb7 44. Kb5 Rd7 45. c6+ 1-0


[Site "https://www.chess.com"]

[Event "Titled Tuesday Blitz November 14 Early 2023"]
[White "Vigoa Apecheche, Yanira"]
[Black "Herman, Matthew"]
[WhiteFideId "3507041"]
[BlackFideId "2028964"]
[WhiteElo "2367"]
[BlackElo "2524"]
[Result "0-1"]
[Round "5"]
[TimeControl "180+1"]
[Date "2023.11.14"]
[WhiteClock "0:00:13"]
[BlackClock "0:00:04"]
[Board "148"]

1. d4 Nf6 2. Bg5 d5 3. Nf3 Bf5 4. e3 e6 5. Nbd2 c6 6. Ne5 Nbd7 7. g4 Bg6 8. h4 Nxe5 9. dxe5 h6 10. exf6 hxg5 11. h5 Qxf6 12. Rg1 Bh7 13. c3 Bd6 14. Qb3 O-O-O 15. a4 Bc7 16. a5 a6 17. Ra4 Rd7 18. Be2 Re8 19. Nf3 e5 20. Kf1 Be4 21. Nd2 Bh7 22. Kg2 e4 23. Rga1 Qe5 24. Nf1 f5 25. Rb4 Bb8 26. Bxa6 bxa6 27. Rxb8+ Qxb8 28. Qc2 f4 29. b4 Qe5 30. Kg1 f3 31. Rb1 Rb7 32. c4 d4 33. b5 cxb5 34. cxb5+ Qc7 35. Qa2 Rxb5 36. Rd1 d3 37. Qd2 Bg8 38. Rc1 Rc5 39. Rb1 Rb5 40. Rc1 Rc5 41. Rb1 Re6 42. Ng3 Bh7 43. h6 Rxh6 44. Qb4 Rhc6 45. Qd4 Rc1+ 46. Rxc1 Rxc1+ 47. Kh2 Rc2 48. Kg1 d2 49. Nf5 Bxf5 50. Qe5 Qxe5 0-1


[Site "https://www.chess.com"]

[Event "Titled Tuesday Blitz November 14 Early 2023"]
[White "Jarocka, Liwia"]
[Black "Osmak, Yuliia"]
[WhiteFideId "21807558"]
[BlackFideId "14101602"]
[WhiteElo "2358"]
[BlackElo "2524"]
[Result "1-0"]
[Round "5"]
[TimeControl "180+1"]
[Date "2023.11.14"]
[WhiteClock "0:00:21"]
[BlackClock "0:00:16"]
[Board "149"]

1. e4 c5 2. Nf3 Nc6 3. d4 cxd4 4. Nxd4 Nf6 5. Nc3 e5 6. Ndb5 d6 7. Bg5 a6 8. Na3 b5 9. Nd5 Be7 10. Bxf6 Bxf6 11. c4 b4 12. Nc2 Rb8 13. g3 a5 14. h4 Be6 15. Bg2 O-O 16. O-O g6 17. Qd3 Bg7 18. Rad1 Qd7 19. h5 Rfd8 20. h6 Bh8 21. b3 Qe8 22. f4 Qf8 23. f5 Bxd5 24. exd5 Ne7 25. fxg6 hxg6 26. Qf3 f5 27. Qe3 Kh7 28. Kf2 Ng8 29. Rh1 f4 30. gxf4 exf4 31. Qd3 Nxh6 32. Be4 Kg7 33. Rdg1 Kf7 34. Nd4 Bxd4+ 35. Qxd4 Nf5 36. Bxf5 gxf5 37. Rh7+ Ke8 38. Rgg7 Rdc8 39. Qxf4 a4 40. Qe3+ Kd8 41. Rd7# 1-0


[Site "https://www.chess.com"]

[Event "Titled Tuesday Blitz November 14 Early 2023"]
[White "Kornyukov, Alexey"]
[Black "Kovacsy, Barnabas"]
[WhiteFideId "4150457"]
[BlackFideId "769290"]
[WhiteElo "2348"]
[BlackElo "2519"]
[Result "0-1"]
[Round "5"]
[TimeControl "180+1"]
[Date "2023.11.14"]
[WhiteClock "0:00:03"]
[BlackClock "0:00:36"]
[Board "150"]

1. e4 c5 2. Nf3 e6 3. c3 d5 4. exd5 Qxd5 5. d4 Nf6 6. Be2 Nc6 7. Be3 cxd4 8. cxd4 Be7 9. Nc3 Qd8 10. O-O O-O 11. Rc1 Bd7 12. Ne5 Rc8 13. Nxd7 Qxd7 14. Bf3 Nb4 15. a3 Nbd5 16. Nxd5 Nxd5 17. Qb3 a6 18. Bxd5 Qxd5 19. Qxd5 exd5 20. Rxc8 Rxc8 21. Rc1 Rxc1+ 22. Bxc1 Bf6 23. Be3 Kf8 24. Kf1 Ke7 25. Ke2 Kd6 26. Kd3 Be7 27. Bd2 Ke6 28. f3 f5 29. g3 Bd6 30. f4 Kd7 31. b4 Kc6 32. a4 b5 33. a5 Kd7 34. Bc3 Ke6 35. Bd2 Kf7 36. Be1 Kg6 37. Bd2 Kh5 38. h3 h6 39. Ke2 g5 40. fxg5 hxg5 41. Kf3 g4+ 42. Kg2 Be7 43. h4 Bd6 44. Kf2 f4 45. gxf4 Kxh4 46. Kg2 g3 47. f5 Be7 48. Be1 Kg4 49. Bxg3 Kxf5 50. Kf3 Bxb4 51. Bc7 Bd2 52. Ke2 Bf4 53. Bb6 Ke4 54. Bc5 Be3 55. Bb6 Bxd4 56. Kd2 Be5 57. Kc2 d4 58. Kd2 d3 59. Be3 Bd6 60. Bb6 Bb4+ 61. Kd1 Bc3 62. Bc5 Bxa5 63. Ba3 b4 64. Bb2 b3 65. Bf6 Bb4 66. Bb2 a5 67. Bf6 a4 68. Bb2 a3 69. Bc1 Kd4 70. Bb2+ Kc4 71. Bc1 Bc5 72. Bb2 axb2 73. Kd2 Bd4 74. Kd1 Be3 0-1


[Site "https://www.chess.com"]

[Event "Titled Tuesday Blitz November 14 Early 2023"]
[White "patzersame"]
[Black "HeroRubiksCube"]
[WhiteElo "2334"]
[BlackElo "2516"]
[Result "0-1"]
[Round "5"]
[TimeControl "180+1"]
[Date "2023.11.14"]
[WhiteClock "0:00:02"]
[BlackClock "0:00:13"]
[Board "151"]

1. e4 d5 2. exd5 Nf6 3. d4 Bg4 4. Be2 Bxe2 5. Nxe2 Qxd5 6. O-O g6 7. c4 Qd8 8. Nbc3 Bg7 9. Bf4 O-O 10. Qd2 Nbd7 11. Rfd1 e6 12. Rac1 c6 13. Bh6 Qa5 14. a3 Qh5 15. Bxg7 Kxg7 16. Ng3 Qa5 17. h3 c5 18. d5 exd5 19. Nxd5 Qxd2 20. Rxd2 h5 21. Rcd1 Rae8 22. Nxf6 Nxf6 23. Nf1 Re4 24. Ne3 Rfe8 25. b4 b6 26. Rd6 R8e6 27. b5 Rxd6 28. Rxd6 Rd4 29. Rc6 Rd3 30. Kf1 Rxa3 31. Ke2 Ne4 32. f4 Nc3+ 33. Kf2 Ra2+ 34. Kf3 Ne2 35. f5 Nd4+ 36. Ke4 gxf5+ 37. Nxf5+ Nxf5 38. Kxf5 Rxg2 39. Rc7 Ra2 40. Kg5 h4 41. Kxh4 Ra4 42. Kg5 Rxc4 43. Rxa7 Rb4 44. h4 Rxb5 45. h5 c4+ 46. Kg4 Rc5 47. h6+ Kxh6 48. Rxf7 b5 49. Kf3 Kg6 50. Rb7 Kf6 51. Ke3 Ke5 52. Kd2 Kd4 53. Kc2 Rh5 54. Rd7+ Kc5 55. Kc3 Rh3+ 56. Kc2 Rh2+ 57. Kc1 Kb4 58. Rd8 c3 59. Rb8 Kc4 60. Kb1 b4 61. Kc1 Kb3 62. Kd1 Rh1+ 63. Ke2 c2 64. Kd3 c1=Q 65. Rxb4+ Kxb4 66. Ke2 Qc3 67. Kf2 Rh2+ 68. Kg1 Qg3+ 69. Kf1 Qf2# 0-1


[Site "https://www.chess.com"]

[Event "Titled Tuesday Blitz November 14 Early 2023"]
[White "Mazzilli, Piero"]
[Black "Rietze, Clemens, Dr."]
[WhiteFideId "807087"]
[BlackFideId "24620351"]
[WhiteElo "2328"]
[BlackElo "2515"]
[Result "1/2-1/2"]
[Round "5"]
[TimeControl "180+1"]
[Date "2023.11.14"]
[WhiteClock "0:00:15"]
[BlackClock "0:00:21"]
[Board "152"]

1. e4 c5 2. Nf3 Nc6 3. c3 Nf6 4. e5 Nd5 5. d4 cxd4 6. cxd4 e6 7. Nc3 d6 8. Bc4 Nxc3 9. bxc3 dxe5 10. O-O exd4 11. cxd4 Be7 12. Bb2 O-O 13. Qe2 Bf6 14. Rad1 Qb6 15. Rd3 Rd8 16. Rfd1 Bd7 17. Rb3 Qc7 18. Bd3 Na5 19. Rc3 Qb6 20. Ba1 Rdc8 21. Rb1 Qd6 22. Rxc8+ Rxc8 23. Ne5 Bxe5 24. dxe5 Qa3 25. h3 Rc1+ 26. Kh2 Rxb1 27. Bxb1 Qc1 28. Qe4 g6 29. Qc2 Qf4+ 30. g3 Qc4 31. Qxc4 Nxc4 32. Bd3 Na3 33. Bd4 b6 34. Kg1 Bb5 35. Be4 Bc4 36. Bb2 Nb5 37. a4 f5 38. exf6 Kf7 39. axb5 Bxb5 40. Bc2 a5 41. Kg2 a4 42. Bb1 a3 43. Bxa3 Bc4 44. Bb2 b5 45. Bc2 Bd5+ 46. Kg1 b4 47. f4 b3 48. Bxb3 Bxb3 49. Bc3 Ke8 50. Be5 Bd5 51. Kf2 Be4 52. h4 Kf7 53. Ke3 Bf5 54. Kd4 Bg4 55. Kc5 Bf5 56. Kd6 Bg4 57. Kc7 Bf5 58. Kd7 Bg4 59. Kd6 Bf5 60. Kd7 Bg4 61. Kd6 Bf5 62. Kd7 1/2-1/2


[Site "https://www.chess.com"]

[Event "Titled Tuesday Blitz November 14 Early 2023"]
[White "parintele_chess"]
[Black "Olsson, Linus"]
[BlackFideId "1706098"]
[WhiteElo "2242"]
[BlackElo "2513"]
[Result "0-1"]
[Round "5"]
[TimeControl "180+1"]
[Date "2023.11.14"]
[WhiteClock "0:00:00"]
[BlackClock "0:00:48"]
[Board "153"]

1. d4 Nf6 2. Bf4 g6 3. Nf3 Bg7 4. c3 O-O 5. Nbd2 d6 6. e4 Nfd7 7. Be2 e5 8. dxe5 dxe5 9. Be3 Re8 10. O-O Nf8 11. Qc2 Bg4 12. h3 Bxf3 13. Nxf3 Qe7 14. Rad1 Ne6 15. Rfe1 c6 16. b4 a6 17. a4 Nd7 18. Nd2 Nf4 19. Bf1 Nf8 20. Nc4 Rad8 21. g3 N4e6 22. Bb6 Rxd1 23. Rxd1 Nd7 24. Be3 Rd8 25. Rd6 b5 26. axb5 axb5 27. Rxd7 Qxd7 28. Na5 h5 29. Bb6 Rc8 30. Be2 h4 31. Kg2 Bh6 32. Nb3 hxg3 33. fxg3 Rb8 34. Bc5 Nxc5 35. Nxc5 Qd2 36. Qxd2 Bxd2 37. Nd7 Ra8 38. Nxe5 Bxc3 39. Nxc6 Ra2 40. Kf3 Ra3 41. Kg4 Be1 42. Bxb5 Rxg3+ 43. Kf4 Rxh3 44. Bc4 Kg7 45. Ne5 f6 46. Nf3 Bxb4 47. e5 fxe5+ 48. Nxe5 Bd6 49. Ke4 Rh4+ 50. Kd5 Bxe5 0-1


[Site "https://www.chess.com"]

[Event "Titled Tuesday Blitz November 14 Early 2023"]
[White "Chernomordik, Pavel"]
[Black "Wahlund, Max"]
[WhiteFideId "2804530"]
[BlackFideId "1741861"]
[WhiteElo "2508"]
[BlackElo "2149"]
[Result "1-0"]
[Round "5"]
[TimeControl "180+1"]
[Date "2023.11.14"]
[WhiteClock "0:00:44"]
[BlackClock "0:00:00"]
[Board "154"]

1. e4 c5 2. Nc3 Nc6 3. Bb5 Nd4 4. Bc4 e6 5. Nge2 g6 6. Nxd4 cxd4 7. Nb5 Qb6 8. c3 Bg7 9. O-O Ne7 10. a4 Nc6 11. Nd6+ Ke7 12. Nb5 a6 13. Nxd4 Nxd4 14. cxd4 Bxd4 15. d3 d6 16. a5 Qc5 17. b4 Qa7 18. Rb1 Bd7 19. Kh1 Rac8 20. f4 Bb5 21. Qb3 Rhd8 22. f5 Bxc4 23. dxc4 Kf8 24. fxe6 f6 25. Bh6+ Ke7 26. Qh3 Be5 27. Be3 Bd4 28. Qxh7+ Kxe6 29. Qh3+ Kf7 30. Bg5 Kg7 31. Qe6 Be5 32. Bxf6+ Bxf6 33. Rxf6 1-0


[Site "https://www.chess.com"]

[Event "Titled Tuesday Blitz November 14 Early 2023"]
[White "dumbernugget"]
[Black "Shuvalov, Evgenij"]
[BlackFideId "4187237"]
[WhiteElo "2025"]
[BlackElo "2499"]
[Result "0-1"]
[Round "5"]
[TimeControl "180+1"]
[Date "2023.11.14"]
[WhiteClock "0:00:00"]
[BlackClock "0:00:18"]
[Board "155"]

1. d4 Nf6 2. c4 g6 3. Nc3 d5 4. cxd5 Nxd5 5. Bd2 c5 6. dxc5 Bg7 7. Qb3 Nf6 8. e4 O-O 9. Nf3 Nbd7 10. Be3 Ng4 11. Nd5 e6 12. Nf4 Nxe3 13. Qxe3 Bxb2 14. Rb1 Qa5+ 15. Nd2 Bc3 16. Rb5 Qa3 17. Ne2 Bxd2+ 18. Qxd2 Nxc5 19. Nf4 Nxe4 20. Qc2 a6 21. Rb3 Qa5+ 22. Ke2 Nc5 23. Rc3 b6 24. g3 Bb7 25. Bg2 Bxg2 26. Nxg2 Rad8 27. Rb1 Ne4 28. Re3 Rd2+ 0-1


[Site "https://www.chess.com"]

[Event "Titled Tuesday Blitz November 14 Early 2023"]
[White "Ingebretsen, Jens E"]
[Black "iJueles"]
[WhiteFideId "1522965"]
[WhiteElo "2690"]
[BlackElo "2356"]
[Result "0-1"]
[Round "5"]
[TimeControl "180+1"]
[Date "2023.11.14"]
[WhiteClock "0:00:49"]
[BlackClock "0:00:34"]
[Board "156"]

1. b3 e5 2. Bb2 Nc6 3. e3 Nf6 4. c4 d6 5. Nc3 g6 6. d4 Bg7 7. d5 Nb8 8. Nf3 O-O 9. Be2 a5 10. O-O Na6 11. Rc1 Nc5 12. a3 Bg4 13. b4 axb4 14. axb4 Na6 15. Qb3 Nd7 16. Nd2 Bxe2 17. Nxe2 f5 18. f4 Re8 19. e4 exf4 20. Bxg7 Kxg7 21. Nxf4 Qf6 22. Ne6+ Kg8 23. exf5 Nf8 24. Ne4 Qe5 25. N4g5 Nxe6 26. Nxe6 gxf5 27. Rxf5 Qxf5 28. Rf1 Qg6 29. Rf3 Rxe6 30. dxe6 Qxe6 31. Re3 Qf6 32. c5+ Kh8 33. Rf3 Qa1+ 34. Kf2 Qd4+ 35. Qe3 Qxe3+ 36. Rxe3 Nxb4 37. cxd6 cxd6 38. Re7 b6 39. Rb7 Ra6 40. Kf3 Nc6 41. Ke4 Ra5 42. Rxb6 Re5+ 43. Kf4 Rc5 44. Rb7 Kg8 45. g4 Nd4 46. h4 Ne6+ 47. Ke4 Re5+ 48. Kf3 Nc5 49. Rc7 Ne6 50. Rd7 d5 51. g5 Nf8 52. Rd8 Rf5+ 53. Kg4 Re5 54. Kf4 Re4+ 55. Kf5 Rxh4 56. Rxd5 Rh3 57. Ra5 Rf3+ 58. Kg4 Rf7 59. Ra8 Kg7 60. Ra6 Re7 61. Rb6 Ng6 62. Rb4 Kf7 63. Ra4 Ne5+ 64. Kf5 Ng6 65. Ra5 Rd7 66. Rb5 Ne7+ 67. Kg4 Rd6 68. Rb7 Re6 69. Ra7 Kg6 70. Ra4 Nf5 71. Rf4 Ne3+ 72. Kf3 Nd5 73. Rd4 Ne7 74. Kg4 Nf5 75. Ra4 Nd6 76. Rd4 Re4+ 77. Rxe4 Nxe4 78. Kf4 Nxg5 79. Kg4 Nf7 80. Kh4 h5 81. Kh3 Nh6 82. Kh4 Nf5+ 83. Kh3 Kg5 84. Kh2 h4 85. Kh3 Kh5 86. Kh2 Kg4 87. Kg2 h3+ 88. Kh2 Kh4 89. Kh1 Kg3 90. Kg1 Nd4 91. Kh1 Ne6 92. Kg1 Nf4 93. Kh1 Nd3 94. Kg1 h2+ 95. Kh1 Nf2# 0-1


[Site "https://www.chess.com"]

[Event "Titled Tuesday Blitz November 14 Early 2023"]
[White "Lukovic, Vladimir"]
[Black "Manon-og, Ramon Jr."]
[WhiteFideId "942952"]
[BlackFideId "5200776"]
[WhiteElo "2684"]
[BlackElo "2349"]
[Result "1-0"]
[Round "5"]
[TimeControl "180+1"]
[Date "2023.11.14"]
[WhiteClock "0:00:38"]
[BlackClock "0:00:00"]
[Board "157"]

1. e4 c5 2. Nf3 d6 3. b3 Nf6 4. Bd3 Nc6 5. c3 e5 6. Bc2 Bg4 7. h3 Bh5 8. d3 Be7 9. Nbd2 O-O 10. Nf1 d5 11. Qe2 d4 12. c4 Nb4 13. g4 Nxc2+ 14. Qxc2 Bg6 15. Nxe5 Bd6 16. Nxg6 fxg6 17. f4 Nd7 18. Qh2 Qa5+ 19. Bd2 Qa3 20. e5 Rae8 21. Ng3 Nxe5 22. fxe5 Qb2 23. Ne4 Bxe5 24. Qg2 Qxa1+ 25. Ke2 Qxa2 26. h4 Bf4 27. Rd1 Be3 28. Nd6 Bxd2+ 29. Nxe8 Rxe8+ 30. Kf1 Rf8+ 31. Kg1 Be3+ 32. Kh1 Qxb3 33. Rf1 Rxf1+ 34. Qxf1 1-0


[Site "https://www.chess.com"]

[Event "Titled Tuesday Blitz November 14 Early 2023"]
[White "Wu, Derek"]
[Black "Jakubowska, Anna"]
[WhiteFideId "30914558"]
[BlackFideId "1121952"]
[WhiteElo "2667"]
[BlackElo "2343"]
[Result "1-0"]
[Round "5"]
[TimeControl "180+1"]
[Date "2023.11.14"]
[WhiteClock "0:00:24"]
[BlackClock "0:00:01"]
[Board "158"]

1. d4 f5 2. Nc3 d5 3. Bf4 Nf6 4. e3 g6 5. Nb5 Na6 6. c4 c6 7. Nc3 Bg7 8. Nf3 O-O 9. h3 Nc7 10. Qb3 Ne4 11. Bxc7 Qxc7 12. cxd5 Kh8 13. Bc4 Nxc3 14. bxc3 cxd5 15. Bxd5 Bd7 16. O-O Rab8 17. Rac1 h6 18. Be6 Bc6 19. d5 Be8 20. c4 b6 21. Qa3 g5 22. c5 bxc5 23. Rxc5 Qb7 24. Nd4 f4 25. Rfc1 fxe3 26. Qxe3 Qb2 27. Nf5 Rxf5 28. Bxf5 Bd4 29. Qxe7 Qxf2+ 30. Kh1 Bxc5 31. Qh7# 1-0


[Site "https://www.chess.com"]